 Dungeon Crawl Stone Soup version 0.28-a0-519-gbfeecf2fc5 (webtiles) character file.

Game seed: 10229217899799333221

64 speeev33 the Covered (level 4, 0/29 HPs)
             Began as a Gargoyle Fighter on Sept 23, 2021.
             Slain by Natasha (1 damage)
             ... on level 2 of the Dungeon.
             The game lasted 00:02:20 (1546 turns).

speeev33 the Covered (Gargoyle Fighter)             Turns: 1546, Time: 00:02:21

Health: 0/29       AC: 13    Str: 21    XL:     4   Next: 12%
Magic:  4/4        EV:  7    Int:  8    God:
Gold:   23         SH:  4    Dex:  9    Spells: 3/3 levels left

rFire   . . .      SeeInvis .   a - +0 flail
rCold   . . .      Faith    .   c - +0 buckler
rNeg    + . .      Spirit   .   h - +0 chain mail
rPois   ∞          Reflect  .   (no helmet)
rElec   +          Harm     .   (no cloak)
rCorr   .          Rampage  .   (no gloves)
Will    .....                   (no boots)
Stlth   ..........              (no amulet)
HPRegen 0.09/turn               (no ring)
MPRegen 0.09/turn               (no ring)

@: slowed, very slow
A: sickness immunity, AC +3, negative energy resistance 1, electricity
resistance, torment resistance 1, petrification resistance
a: no special abilities


You were on level 2 of the Dungeon.
You visited 1 branch of the dungeon, and saw 2 of its levels.

You collected 23 gold pieces.

Inventory:

Hand Weapons
 a - a +0 flail (weapon)
Armour
 c - a +0 buckler (worn)
 h - a +0 chain mail (worn)
Jewellery
 f - an amulet of faith
Scrolls
 e - a scroll of teleportation
Potions
 b - 2 potions of invisibility
 d - a potion of might
 g - 2 potions of berserk rage
 i - a potion of attraction


   Skills:
 + Level 3.9 Fighting
 + Level 2.7 Maces & Flails
 + Level 3.9 Armour
 + Level 3.8 Shields


You had 3 spell levels left.
You didn't know any spells.
Your spell library was empty.

Dungeon Overview and Level Annotations

Branches:
Dungeon (2/15)

Altars:

Shops:
D:1 *

Annotations:
D:2 Natasha


Innate Abilities, Weirdness & Mutations

You are immune to sickness and miasma.
Your stone body is resilient. (AC +3)
You are immune to poison.
You resist negative energy. (rN+)
You are resistant to electric shocks. (rElec)
You are resistant to unholy torment.
You are immune to petrification.


Message History

You block the ball python's attack.
You sock the ball python!
You kill the ball python!
Natasha casts a spell.
The crimson imp blinks!
Natasha claws you but does no damage.
An adder comes into view.
Natasha wildly gestures.
You feel disoriented. Natasha barely misses you.
You see here a ball python corpse.
You completely miss Natasha.
The adder hisses angrily.
Natasha casts a spell.
Natasha claws you but does no damage.
The crimson imp blinks!
Natasha claws you but does no damage. The shadow imp barely misses you.
You closely miss Natasha. Natasha claws you but does no damage.
Natasha claws you. You block the shadow imp's attack.
Natasha claws you but does no damage.
You barely miss the crimson imp. Natasha claws you. You block Natasha's attack.
The crimson imp blinks!
You block Natasha's attack. The shadow imp gestures at you.
Pain shoots through your body!
The crimson imp blinks!
You are too injured to fight recklessly!
You are too injured to fight recklessly!
You are too injured to fight recklessly!
You are too injured to fight recklessly!
You are too injured to fight recklessly!
You are too injured to fight recklessly!
Unknown command.
Natasha extends her claws.
Natasha claws you. The crimson imp completely misses you. Natasha claws you.
The crimson imp hits you but does no damage.
Natasha claws you but does no damage.
The crimson imp hits you but does no damage.
Natasha stares at you and mumbles some strange words.
The magic dart hits you!
* * * LOW HITPOINT WARNING * * *
Natasha claws you.
You die...

.. #...# .##...# ...
...... .....#..5#
.........# #.# #5## #.#
#.S### #.# ##5h.####
#.##### ###@...###
#....†########...##
#.###..........#..## #.#
##########.....#########
#.## #####.........#
##..# #####..##..
##...## ##..... #..#..#
###### #.###.#


You could see Natasha (fast), a crimson imp (summoned), an adder and a shadow
imp (summoned).

Vanquished Creatures
  A gnoll (D:1)
  An adder (D:2)
  2 worms (D:2)
  A dart slug (D:1)
  5 ball pythons
  4 bats
  2 endoplasms (D:1)
  A giant cockroach (D:2)
  2 goblins (D:1)
  2 hobgoblins
  4 jackals (D:1)
  2 frilled lizards (D:1)
  A kobold (D:1)
  8 rats
  A spectral hobgoblin (D:1)
37 creatures vanquished.

Notes
Turn   | Place    | Note
-------+----------+-------------------------------------------
     0 | D:1      | speeev33 the Gargoyle Fighter began the quest for the Orb.
     0 | D:1      | Reached XP level 1. HP: 14/14 MP: 1/1
    14 | D:1      | Found a faded altar of an unknown god.
   123 | D:1      | Found Inoeh's General Store.
   199 | D:1      | Reached XP level 2. HP: 19/19 MP: 2/2
   481 | D:1      | Reached XP level 3. HP: 20/23 MP: 3/3
  1393 | D:2      | Reached XP level 4. HP: 26/29 MP: 4/4
  1535 | D:2      | Noticed Natasha
  1546 | D:2      | HP: 1/29 [Natasha/magic dart (10)]
  1546 | D:2      | Slain by Natasha

Illustrated notes

Levels and vault maps discovered:
D:1:      giann_horns, layout_basic, dreamdust_ecumenical_altar_drowned_temple,
          serial_shops, nicolae_shop_temple_entry_statues_fountains,
          lemuel_another_geyser
D:2:      layout_rooms, uniq_natasha

Action                   |  1- 3 |  4- 6 || total
-------------------------+-------+-------++-------
Melee: Flail             |   123 |    12 ||   135
  Use: Scroll            |     5 |       ||     5
Armor: Scale mail        |    30 |       ||    30
       Chain mail        |    46 |    10 ||    56
Dodge: Dodged            |    56 |     8 ||    64
Block: Buckler           |    27 |     5 ||    32

Table legend: (Time is in decaauts)
 A = Elapsed time spent in this place.
 B = Non-inter-level travel time spent in this place.
 C = Inter-level travel time spent in this place.
 D = Time resting spent in this place.
 E = Time spent auto-exploring this place.
 F = Levels seen in this place.
 G = Mean time per level.
                   A        B        C        D        E       F      G
               +--------+--------+--------+--------+--------+-----+--------+
         Total |   1598 |   1545 |     53 |    351 |    878 |   2 |  799.0 |
       Dungeon |   1598 |   1545 |     53 |    351 |    878 |   2 |  799.0 |
               +--------+--------+--------+--------+--------+-----+--------+

Top non-repeatable levels by time:
     D:1: 1089 daAuts
     D:2: 509 daAuts
